 Dungeon Crawl Stone Soup version 0.31-a0-1074-g0b22e4e0f1 (webtiles) character file.

Game seed: 7987786048310442854

442 foxicus the Covert (level 7, -13/32 (40) HPs)
             Began as a Kobold Brigand on Dec 8, 2023.
             Mangled by a wight
             ... wielding a +0 battleaxe
              (18 damage)
             ... on level 4 of the Dungeon.
             The game lasted 00:13:08 (3931 turns).

foxicus the Covert (Kobold Brigand)                 Turns: 3931, Time: 00:13:08

HP:   -13/32 (40)   AC:  5    Str:  8    XL:     7   Next: 23%
MP:   7/7           EV: 15    Int: 12    God:
Gold: 193           SH:  5    Dex: 19    Spells: 6/6 levels left

rFire   . . .        a - +2 dagger
rCold   . . .        (no shield)
rNeg    . . .        b - +0 robe
rPois   .            (no helmet)
rElec   .            c - +0 cloak
rCorr   .            n - +0 pair of gloves
SInv    .            s - +0 pair of boots
Will    .....        h - amulet of reflection
Stlth   ++++++       (no ring)
HPRegen 0.25/turn    (no ring)
MPRegen 0.10/turn

%: reflection
@: heavily drained
A: small, no large weapons, nightstalker 3
a: no special abilities


You were on level 4 of the Dungeon.
You visited 1 branch of the dungeon, and saw 5 of its levels.

You collected 193 gold pieces.

Inventory:

Hand Weapons
 a - a +2 dagger (weapon)
 v - a +0 sling of flaming
Missiles
 d - 22 poisoned darts (quivered)
 e - 3 curare-tipped darts
 w - 2 throwing nets
Armour
 b - a +0 robe (worn)
 c - a +0 cloak (worn)
 n - a +0 pair of gloves (worn)
 s - a +0 pair of boots (worn)
Jewellery
 h - an amulet of reflection (around neck)
 r - a +5 ring of evasion
 y - a ring of poison resistance
Scrolls
 f - 4 scrolls of identify {unknown}
 l - 2 scrolls of enchant armour {unknown}
 o - a scroll of enchant weapon {unknown}
 p - a scroll of brand weapon {unknown}
 u - a scroll of amnesia {unknown}
Potions
 i - 2 potions of mutation {unknown}
 j - 3 potions of curing {unknown}
 k - a potion of resistance {unknown}
 m - 2 potions of might {unknown}
 q - a potion of haste {unknown}
 t - a potion of magic {unknown}
 x - a potion of ambrosia {unknown}
 z - a potion of invisibility {unknown}
 A - a potion of attraction {unknown}


   Skills:
 + Level 2.6 Fighting
 + Level 3.5 Short Blades
 + Level 3.2 Throwing
 + Level 2.2 Dodging
 * Level 9.7 Stealth
 + Level 1.3 Shields


You had 6 spell levels left.
You didn't know any spells.
Your spell library contained the following spells:

 Spells                   Type           Power      Damage    Failure   Level
 Kiss of Death            Conj/Necr      0%         2d5       32%         1
 Confusing Touch          Hex            0%         N/A       69%         3
 Dispel Undead            Necr           0%         3d6       97%         4


Dungeon Overview and Level Annotations

Branches:
Dungeon (5/15)
 Temple: D:4-7

Altars:

Shops:
D:2 [*(*


Innate Abilities, Weirdness & Mutations

You are small and have problems with some larger weapons.
You are completely attuned to the shadows.


Message History

The wight closely misses you.
You hit the wight but do no damage.
The wight is lightly damaged.
The wight hits you with a +0 battleaxe!
You hit the wight.
The wight is moderately damaged.
The wight misses you.
You hit the wight but do no damage.
The wight is moderately damaged.
The wight barely misses you.
You hit the wight.
The wight is moderately damaged.
You hit the wight but do no damage.
The wight is moderately damaged.
The wight completely misses you.
You hit the wight.
The wight is moderately damaged.
The wight hits you with a +0 battleaxe!
* * * LOW HITPOINT WARNING * * *
You feel drained.
* * * LOW HITPOINT WARNING * * *
You barely miss the wight.
The wight is moderately damaged.
The wight closely misses you.
You hit the wight.
The wight is heavily damaged.
The wight barely misses you.
You hit the wight but do no damage.
The wight is heavily damaged.
You hit the wight but do no damage.
The wight is heavily damaged.
The wight misses you.
You closely miss the wight.
The wight is heavily damaged.
You block the wight's attack.
You closely miss the wight.
The wight is heavily damaged.
The wight hits you with a +0 battleaxe!!
Ouch! That really hurt!
You die...

##.## ##### ##.###
#.... ##..## ##.###
##..### #..#
###..###..###
##.......#. #####
##.†...... ##...##
##.....## #####
##..z@.## #...###
##...#######..###..##
##..##
#............##
###.## ##..##
.#####.......# ##.##
##..# ## #####..##
##.## ##.## # ####
##.## ##.# ### #..##
##. ####.### ##..##
## ###......## ##..#
#


You could see a wight.

Vanquished Creatures
  An ice beast (D:4)
  A wight (D:5)
  The ghost of drugrobin the Sneak, a weakling DgDe (D:3)
  Terence (D:3)
  Crazy Yiuf (D:2)
  Jessica (D:3)
  A gnoll (D:1)
  8 adders
  2 worms (D:2)
  A dart slug (D:3)
  5 orcs
  6 ball pythons
  7 bats
  7 endoplasms
  4 giant cockroaches
  8 goblins
  5 hobgoblins
  13 jackals
  5 kobolds
  4 quokkas
  2 frilled lizards
  2 rats
86 creatures vanquished.

Notes
Turn   | Place    | Note
-------+----------+-------------------------------------------
     0 | D:1      | foxicus the Kobold Brigand began the quest for the Orb.
     0 | D:1      | Reached XP level 1. HP: 12/12 MP: 1/1
    74 | D:1      | Reached XP level 2. HP: 10/17 MP: 2/2
    79 | D:1      | Reached skill level 6 in Stealth
   202 | D:1      | Reached XP level 3. HP: 21/21 MP: 3/3
   705 | D:2      | Found Zitumip's Antique Weapon Shop.
   744 | D:2      | Reached skill level 7 in Stealth
   765 | D:2      | Reached XP level 4. HP: 26/26 MP: 4/4
   765 | D:2      | Found Damush's General Store.
   838 | D:2      | Found a faded altar of an unknown god.
   922 | D:2      | Found Hadatt's Antique Armour Boutique.
   995 | D:2      | Found a runed translucent door.
   998 | D:2      | Noticed Crazy Yiuf
  1003 | D:2      | Killed Crazy Yiuf
  1004 | D:2      | Reached XP level 5. HP: 30/30 MP: 5/5
  1301 | D:2      | Found Faet's Assorted Antiques.
  1483 | D:3      | Reached skill level 8 in Stealth
  1500 | D:3      | Found a runed translucent door.
  1500 | D:3      | Noticed drugrobin's ghost (weakling DgDe)
  1787 | D:3      | Noticed Jessica
  1791 | D:3      | Killed Jessica
  1792 | D:3      | Reached skill level 1 in Shields
  1840 | D:3      | Noticed Terence
  1864 | D:3      | Killed Terence
  1865 | D:3      | Reached XP level 6. HP: 16/35 MP: 6/6
  2490 | D:3      | Killed drugrobin's ghost
  2491 | D:3      | Reached skill level 9 in Stealth
  2959 | D:4      | Noticed an ice beast
  2963 | D:4      | Killed an ice beast
  2964 | D:4      | Reached XP level 7. HP: 40/40 MP: 7/7
  3863 | D:5      | Entered Level 5 of the Dungeon
  3931 | D:4      | Mangled by a wight

Illustrated notes

Levels and vault maps discovered:
D:1:      onia_arrival_mini_spirals, layout_basic, minmay_tall_x
D:2:      layout_basic, serial_shops, nicolae_diamond_shop, shop, shop,
          nicolae_shop_back_alley_shop, dreamdust_ecumenical_altar_sealed_demon,
          uniq_crazy_yiuf_cottage
D:3:      layout_basic, hellmonk_ghost_happy_afterlife, uniq_terence,
          uniq_jessica
D:4:      layout_layer_cave, minmay_misc_feat_diagonals,
          chequers_serial_rivers_room_a
D:5:      layout_basic, mainiacjoe_overflow_large_starburst,
          mainiacjoe_overflow_small_starburst, ashenzari_altar_1,
          general_overflow_altar, portal_sewer_entry_b,
          kennysheep_generic_room_16

Skill      XL: |  1  2  3  4  5  6  7 |
---------------+----------------------+-----
Stealth        | 6 7 8 9 |  9.7
Short Blades   | 3 |  3.5
Shields        | 1 |  1.3
Throwing       | 3 |  3.2
Dodging        | 2 |  2.2
Fighting       | |  2.6

Action                     |  1- 3 |  4- 6 |  7- 9 || total
---------------------------+-------+-------+-------++-------
  Melee: Dagger            |    38 |   161 |    82 ||   281
         Punch             |       |     3 |     2 ||     5
  Throw: Dart              |     4 |    20 |       ||    24
    Use: Potion            |       |     1 |     1 ||     2
   Stab: Sleeping          |    18 |    30 |     4 ||    52
 Armour: Robe              |     6 |    46 |    26 ||    78
  Dodge: Dodged            |    11 |    66 |    44 ||   121
  Block: Other             |     7 |    24 |    15 ||    46
         Reflection        |       |       |     1 ||     1

Table legend: (Time is in decaauts)
 A = Elapsed time spent in this place.
 B = Non-inter-level travel time spent in this place.
 C = Inter-level travel time spent in this place.
 D = Time resting spent in this place.
 E = Time spent auto-exploring this place.
 F = Levels seen in this place.
 G = Mean time per level.
                   A        B        C        D        E       F      G
               +--------+--------+--------+--------+--------+-----+--------+
         Total |   3885 |   3767 |    118 |    231 |   2460 |   5 |  777.0 |
       Dungeon |   3885 |   3767 |    118 |    231 |   2460 |   5 |  777.0 |
               +--------+--------+--------+--------+--------+-----+--------+

Top non-repeatable levels by time:
     D:3: 1237 daAuts
     D:4: 1142 daAuts
     D:2: 761 daAuts
     D:1: 700 daAuts
     D:5: 43 daAuts
